 Dungeon Crawl Stone Soup version 0.31-a0-145-g046c7d2549 (webtiles) character file.

Game seed: 1209325184106852673

154 qw the Shooter (level 5, -2/46 HPs)
             Began as a Minotaur Hunter on June 7, 2023.
             Slain by Grinder (5 damage)
             ... while paralysed by Grinder
             ... on level 3 of the Dungeon.
             The game lasted 00:00:44 (2016 turns).

qw the Shooter (Minotaur Hunter)                    Turns: 2016, Time: 00:00:45

Health: -2/46      AC:  5    Str: 15    XL:     5   Next: 13%
Magic:  4/4        EV:  2    Int:  6    God:
Gold:   125        SH:  0    Dex: 16    Spells: 4/4 levels left

rFire   . . .        Y - +0 shortbow
rCold   . . .        (shield currently unavailable)
rNeg    . . .        b - +0 ring mail
rPois   .            (helmet restricted)
rElec   .            (no cloak)
rCorr   .            (no gloves)
SInv    .            (no boots)
Will    .....        (no amulet)
Stlth   +            (no ring)
HPRegen 0.27/turn    (no ring)
MPRegen 0.09/turn

%: no passive effects
@: paralysed
A: horns 2, retaliatory headbutt
a: no special abilities


You were on level 3 of the Dungeon.
You visited 1 branch of the dungeon, and saw 3 of its levels.

You collected 125 gold pieces.


Innate Abilities, Weirdness & Mutations

You have a pair of horns on your head.
You reflexively headbutt those who attack you in melee.


   Skills:
 - Level 4.0 Fighting
 + Level 6.2 Ranged Weapons
 - Level 1.1 Armour
 - Level 2.1 Dodging
 - Level 0.7 Stealth


You had 4 spell levels left.
You didn't know any spells.
Your spell library was empty.

Inventory:

Hand Weapons
 Y - a +0 shortbow (weapon)
Armour
 b - a +0 ring mail (worn)
Scrolls
 a - a scroll of teleportation {unknown}
 g - a scroll of identify
Potions
 e - a potion of curing {unknown}
 i - 2 potions of mutation {unknown}

Dungeon Overview and Level Annotations

Branches:
Dungeon (3/15)

Altars:
Kikubaaqudgha
Sif Muna

Annotations:
D:2 1 runed translucent door, Crazy Yiuf
D:3 Grinder


Message History

You shoot an arrow. The arrow closely misses the hound.
The hound bites you. The hound misses you. Grinder hits you!
You writhe in agony.
You shoot an arrow. The arrow closely misses the hound.
The hound closely misses you. You furiously retaliate!
You headbutt the hound!
You kill the hound!
Grinder hits you!
You writhe in agony.
Your Fighting skill increases to level 4!
You have reached level 5!
You shoot an arrow. The arrow closely misses Grinder.
Grinder gestures at you. Pain shoots through your body!
Grinder blinks!
You shoot an arrow. The arrow closely misses Grinder.
Grinder barely misses you.
You shoot an arrow. The arrow hits Grinder.
Grinder is lightly wounded.
Grinder gestures at you. Pain shoots through your body!
2009 ||| DRINKING potion of heal wounds.
You feel much better. Grinder hits you.
You writhe in agony.
You shoot an arrow. The arrow hits Grinder!
Grinder is moderately wounded.
Grinder hits you but does no damage.
You shoot an arrow. The arrow barely misses Grinder.
Grinder gestures at you. You resist with significant effort.
You shoot an arrow. The arrow barely misses Grinder.
Grinder barely misses you. Grinder closely misses you. You furiously retaliate!
You headbutt Grinder! You shoot an arrow. The arrow closely misses Grinder.
Grinder gestures at you.
You suddenly lose the ability to move!
Grinder gestures at you.
You barely resist. Grinder gestures at you. Pain shoots through your body!
Grinder says, "You look like you could use a good racking."
Grinder hits you!
You writhe in agony.
You die...

#.# #.########
#........# ###
.........############.?.
##.......##.............
##.......##.............
.........##......)......
###.#######......%......
!...............@../>...
###.############5..#.##.
#.## .%..# #..## ###..#
##..# .... # ##.## .##.#
# #..##### .. .# #
##.....### #. # #
#####...#


You could see Grinder.

Vanquished Creatures
  An orc priest (D:3)
  A hound (D:3)
  3 adders
  2 dart slugs
  5 orcs (D:3)
  4 ball pythons
  6 endoplasms
  3 giant cockroaches
  4 goblins
  4 hobgoblins
  8 jackals
  6 bats
  2 frilled lizards
  2 kobolds (D:1)
  5 rats
56 creatures vanquished.

Notes
Turn   | Place    | Note
-------+----------+-------------------------------------------
     0 | D:1      | qw the Minotaur Hunter began the quest for the Orb.
     0 | D:1      | Reached XP level 1. HP: 18/18 MP: 0/0
     0 | D:1      | 0 ||| qw: Version: 0.2-a-117-gc6b5c8b
     0 | D:1      | 0 ||| qw: Game counter: 2471
     0 | D:1      | 0 ||| qw: Always use a shield: true
     0 | D:1      | 0 ||| qw: God list: Okawaru
     0 | D:1      | 0 ||| qw: Allow faded altars: false
     0 | D:1      | 0 ||| qw: Do Orc after D:15 true
     0 | D:1      | 0 ||| qw: Do second Lair branch before Depths: true
     0 | D:1      | 0 ||| qw: Lair rune preference: random
     0 | D:1      | 0 ||| qw: Plans: Normal
     0 | D:1      | 0 ||| PLANNING D:1-11
    20 | D:1      | 20 ||| Stepping ~*~*~tactically~*~*~ (outnumbered).
    42 | D:1      | Reached XP level 2. HP: 25/25 MP: 1/1
    63 | D:1      | Reached skill level 5 in Ranged Weapons
   220 | D:1      | Reached skill level 3 in Fighting
   653 | D:1      | 653 ||| READING scroll labelled UNEKAVI LARU.
   654 | D:1      | 654 ||| READING scroll labelled SUOS ESERISHRA.
   655 | D:1      | 655 ||| DRINKING 2 ruby potions.
   656 | D:1      | 656 ||| DROPPING scroll of butterflies.
   657 | D:1      | 657 ||| DROPPING potion of attraction.
   761 | D:2      | Reached XP level 3. HP: 27/31 MP: 2/2
  1241 | D:2      | Found a faded altar of an unknown god.
  1383 | D:2      | Found a runed translucent door.
  1384 | D:2      | Noticed Crazy Yiuf
  1543 | D:2      | 1543 ||| UPGRADING to +0 ring mail.
  1553 | D:2      | 1553 ||| DROPPING +0 leather armour.
  1554 | D:2      | 1554 ||| READING scroll labelled ARYLIWE BIEM.
  1555 | D:2      | 1555 ||| DRINKING 2 metallic red potions.
  1556 | D:2      | 1556 ||| DRINKING 2 orange potions.
  1600 | D:2      | 1600 ||| DROPPING potion of lignification.
  1689 | D:3      | Found a shimmering blue altar of Sif Muna.
  1704 | D:3      | Reached skill level 1 in Armour
  1704 | D:3      | Reached XP level 4. HP: 38/38 MP: 3/3
  1733 | D:3      | Found an ancient bone altar of Kikubaaqudgha.
  1745 | D:3      | Reached skill level 6 in Ranged Weapons
  1995 | D:3      | Noticed Grinder
  1997 | D:3      | Paralysed by Grinder for 4 turns
  2006 | D:3      | Reached XP level 5. HP: 14/46 MP: 4/4
  2008 | D:3      | HP: 6/46 [Grinder/nerve-wracking pain (6)]
  2009 | D:3      | 2009 ||| DRINKING potion of heal wounds.
  2013 | D:3      | Paralysed by Grinder for 5 turns
  2015 | D:3      | HP: 9/46 [Grinder/nerve-wracking pain (10)]
  2016 | D:3      | HP: 3/46 [Grinder (7)]
  2016 | D:3      | Slain by Grinder

Levels and vault maps discovered:
D:1:      amcnicky_arrival_feature_with_door, layout_loops_ring,
          minmay_statues_item
D:2:      layout_loops_ring, dilly_ecumenical_altar_fadedgnrine,
          uniq_crazy_yiuf_cottage
D:3:      layout_basic, overflow_temple_1_default, led_sif_book,
          minmay_bisected, uniq_grinder

Skill      XL: |  1  2  3  4 |
---------------+-------------+-----
Ranged Weapons | 5 6 |  6.2
Fighting       | 3 4 |  4.0
Armour         | 1 |  1.1
Dodging        | |  2.1
Stealth        | |  0.7

Action                     |  1- 3 |  4- 6 || total
---------------------------+-------+-------++-------
   Fire: Shortbow          |   128 |    51 ||   179
    Use: Scroll            |     3 |       ||     3
         Potion            |     3 |     1 ||     4
 Armour: Leather armour    |    14 |       ||    14
         Ring mail         |       |    21 ||    21
  Dodge: Dodged            |    34 |    35 ||    69

Table legend:
 A = Non-vault XP
 B = Vault XP
 C = Vault XP percentage of total XP
 D = Non-vault monster count
 E = Vault monster count
 F = Vault count percentage of total count
                 A         B        C        D         E       F
            +---------+---------+-------+---------+---------+-------
      Total |     213 |       7 |   3.2 |      51 |       5 |   8.9
            +---------+---------+-------+---------+---------+-------
        D:1 |      40 |       0 |   0.0 |      22 |       0 |   0.0
        D:2 |      49 |       0 |   0.0 |      15 |       0 |   0.0
        D:3 |     124 |       7 |   5.3 |      14 |       5 |  26.3
            +---------+---------+-------+---------+---------+-------
